 Dungeon Crawl Stone Soup version 0.29-a0-838-g385bb11a5b (webtiles) character file.

Game seed: 1615025447459281654

508 inmateoo the Trooper (level 6, -11/49 HPs)
             Began as a Demonspawn Fighter on July 13, 2022.
             Killed by divine providence
             ... invoked by an orc priest
              (13 damage)
             ... on level 4 of the Dungeon.
             The game lasted 00:06:08 (4893 turns).

inmateoo the Trooper (Demonspawn Fighter)           Turns: 4893, Time: 00:06:09

Health: -11/49     AC: 13    Str: 17    XL:     6   Next: 98%
Magic:  6/6        EV:  5    Int:  9    God:
Gold:   123        SH:  0    Dex: 14    Spells: 5/5 levels left

rFire   . . .      SeeInvis .     - Unarmed
rCold   . . .      Faith    .   b - +0 buckler
rNeg    . . .      Spirit   .   f - +0 plate armour
rPois   .          Reflect  .   (no helmet)
rElec   .          Harm     .   (no cloak)
rCorr   .          Rampage  .   (no gloves)
Will    .....                   (no boots)
Stlth   ..........              (no amulet)
HPRegen 0.16/turn               (no ring)
MPRegen 0.20/turn               (no ring)

@: confused
A: icy blue scales 1, magic regeneration, demonic touch 2
a: no special abilities


You were on level 4 of the Dungeon.
You visited 1 branch of the dungeon, and saw 4 of its levels.
You also visited: Sewer.

You collected 123 gold pieces.

Inventory:

Armour
 b - a +0 buckler (worn)
 f - a +0 plate armour (worn)
Scrolls
 a - a scroll of enchant weapon
 k - a scroll of blinking
 n - a scroll of teleportation
Potions
 d - a potion of berserk rage {unknown}
 h - 3 potions of curing
 i - 2 potions of ambrosia
 j - 2 potions of cancellation
 l - 2 potions of flight
 p - a potion of heal wounds
 r - a potion of mutation {unknown}


   Skills:
 + Level 4.3 Fighting
 + Level 4.0 Armour
 + Level 2.6 Dodging
 + Level 4.0 Shields
 + Level 3.4 Unarmed Combat


You had 5 spell levels left.
You didn't know any spells.
Your spell library contained the following spells:

 Spells                   Type           Power      Damage    Failure   Level
 Summon Small Mammal      Summ           0%         N/A       100%        1
 Call Canine Familiar     Summ           0%         N/A       100%        3
 Dazzling Flash           Conj/Hex       0%         N/A       100%        3
 Summon Guardian Golem    Hex/Summ       0%         N/A       100%        3
 Iskenderun's Mystic Bla  Conj/Tloc      0%         2d3       100%        4
 Starburst                Conj/Fire      0%         6d3       100%        6
 Malign Gateway           Summ/Tloc      0%         N/A       100%        7
 Summon Horrible Things   Summ           0%         N/A       100%        8


Dungeon Overview and Level Annotations

Branches:
Dungeon (4/15)              Sewer (visited)
 Temple: D:4-7

Altars:
Makhleb
Yredelemnul

Shops:
D:1 :


Innate Abilities, Weirdness & Mutations

You are partially covered in icy blue scales. (AC +2)
You regenerate magic rapidly.
Your touch may inflict irresistible damage on your foes.


Message History

You hear some strange, mumbled words.
You are confused.
The orc priest calls down the wrath of Beogh upon you.
Beogh smites you!
Okay, then.
You are too confused!
You hit something.
You hear some strange, mumbled words.
You are more confused.
Something hits you but does no damage.
You are too confused!
Something hits you but does no damage.
You hear some strange, mumbled words.
You are more confused.
Something hits you but does no damage.
The orc priest attacks as you move away!
The orc priest hits you but does no damage.
Something hits you but does no damage.
The orc priest looks satisfied for a moment.
You bump into the rock wall.
The orc priest hits you but does no damage.
The orc priest calls down the wrath of Beogh upon you.
Beogh smites you!
You bump into the rock wall.
Something hits you but does no damage. The orc priest closely misses you.
The orc priest mumbles some strange prayers to Beogh against you.
Beogh smites you!
* * * LOW HITPOINT WARNING * * *
You miss something. The orc attacks as you move away!
The orc hits you with a +0 dagger.
* * * LOW HITPOINT WARNING * * *
The orc priest attacks as you move away!
The orc priest hits you but does no damage.
Something completely misses you.
You bump into the rock wall.
Something hits you but does no damage. The orc priest hits you with a +0 club.
* * * LOW HITPOINT WARNING * * *
The orc priest calls down the wrath of Beogh upon you.
Beogh smites you!
You die...

#.. ..# #.# #.# ##### #.#
#.# #...#######.#####.#
...<............#.# ####
.....#####..###.#.###...###
####.# ##...###...........#
.# #.# #....>####{........#
.# #.# ##.......@o........#
.# #.# ##.#######o.......#
.###.# #># #........#
.....# #.# #........#
.##### #+# #...o....# .#
#........# .## #####†####
..# #.# #.### #......#


You could see 2 orc priests and an orc.

Vanquished Creatures
  Pargi (Sewer)
  A scorpion (D:4)
  An orc priest (D:3)
  Jessica (D:3)
  Terence (D:2)
  Natasha (thrice) (D:2)
  An orc wizard (D:3)
  4 adders
  5 gnolls
  An ufetubus (D:4)
  4 dart slugs
  8 orcs
  7 bats
  2 endoplasms (D:3)
  A giant cockroach (D:3)
  6 goblins
  6 hobgoblins
  4 jackals (D:4)
  6 kobolds
  A quokka (D:1)
  10 ball pythons
  14 frilled lizards
  8 rats
96 creatures vanquished.

Vanquished Creatures (collateral kills)
  A dart slug (D:3)
  A quokka (D:3)
  A rat (D:3)
3 creatures vanquished.

Grand Total: 99 creatures vanquished

Notes
Turn   | Place    | Note
-------+----------+-------------------------------------------
     0 | D:1      | inmateoo the Demonspawn Fighter began the quest for the
                  | Orb.
     0 | D:1      | Reached XP level 1. HP: 18/18 MP: 1/1
   228 | D:1      | Gained mutation: You regenerate magic rapidly. [demonic
                  | ancestry]
   228 | D:1      | Reached XP level 2. HP: 19/24 MP: 2/2
   834 | D:1      | Reached XP level 3. HP: 29/29 MP: 3/3
   849 | D:1      | Found Ipecen's Book Shoppe.
  1066 | D:1      | Found a faded altar of an unknown god.
  1254 | D:2      | Reached skill level 1 in Dodging
  1296 | D:2      | Noticed Terence
  1326 | D:2      | Killed Terence
  1327 | D:2      | Gained mutation: Your touch may inflict minor irresistible
                  | damage on your foes. [demonic ancestry]
  1327 | D:2      | Reached XP level 4. HP: 27/35 MP: 4/4
  1733 | D:2      | Noticed Natasha
  1747 | D:2      | Killed Natasha
  1981 | D:2      | Noticed Natasha
  1993 | D:2      | Killed Natasha
  1994 | D:2      | Gained mutation: You are partially covered in icy blue
                  | scales. (AC +2) [demonic ancestry]
  1994 | D:2      | Reached XP level 5. HP: 27/42 MP: 5/5
  2134 | D:2      | Noticed Natasha
  2152 | D:2      | Killed Natasha
  2646 | D:3      | Noticed Jessica
  2650 | D:3      | Killed Jessica
  2675 | D:3      | Gained mutation: Your touch may inflict irresistible damage
                  | on your foes. [demonic ancestry]
  2675 | D:3      | Reached XP level 6. HP: 11/48 MP: 6/6
  2729 | D:3      | Found a glowing drain.
  2761 | Sewer    | Entered a sewer
  2988 | Sewer    | Noticed Pargi
  3035 | Sewer    | Killed Pargi
  4015 | D:3      | Found a burning altar of Makhleb.
  4015 | D:3      | Found a basalt altar of Yredelemnul.
  4893 | D:4      | HP: 2/49 [orc priest/+0 club (2)]
  4893 | D:4      | Killed from afar by an orc priest

Illustrated notes

Levels and vault maps discovered:
D:1:      roderic_crossed_star, layout_basic, serial_shops, shop,
          shapermc_ecumenical_altar_pompeii
D:2:      layout_rooms, uniq_natasha, uniq_terence
D:3:      wad_river_or_something, layout_basic, amethyst_overflow_temple_binary,
          portal_sewer_entry_a, uniq_jessica
D:4:      layout_loops_corners, lemuel_doored_altar, serial_shops,
          kennysheep_mini, minmay_crystal_water, uniq_crazy_yiuf_cottage

Skill      XL: |  1  2  3  4  5  6 |
---------------+-------------------+-----
Unarmed Combat | 2 3 |  3.4
Shields        | 3 4 |  4.0
Armour         | 3 4 |  4.0
Dodging        | 1 2 |  2.6
Fighting       | 4 |  4.3

Action                   |  1- 3 |  4- 6 || total
-------------------------+-------+-------++-------
Melee: Unarmed           |   193 |   308 ||   501
Throw: Javelin           |       |     4 ||     4
  Use: Potion            |       |     4 ||     4
       Scroll            |       |    15 ||    15
 Stab: Invisible         |       |     6 ||     6
Armor: Scale mail        |    32 |       ||    32
       Plate armour      |    74 |   257 ||   331
Dodge: Dodged            |    52 |    81 ||   133
Block: Buckler           |    44 |    76 ||   120

Table legend: (Time is in decaauts)
 A = Elapsed time spent in this place.
 B = Non-inter-level travel time spent in this place.
 C = Inter-level travel time spent in this place.
 D = Time resting spent in this place.
 E = Time spent auto-exploring this place.
 F = Levels seen in this place.
 G = Mean time per level.
                   A        B        C        D        E       F      G
               +--------+--------+--------+--------+--------+-----+--------+
         Total |   4939 |   4829 |    110 |   1691 |   1937 |   5 |  987.8 |
       Dungeon |   4573 |   4463 |    110 |   1550 |   1894 |   4 | 1143.2 |
         Sewer |    366 |    366 |      0 |    141 |     42 |   1 |  366.0 |
               +--------+--------+--------+--------+--------+-----+--------+

Top non-repeatable levels by time:
     D:3: 1751 daAuts
     D:1: 1550 daAuts
     D:2: 1035 daAuts
   Sewer: 366 daAuts
     D:4: 236 daAuts
